[Event "Titled Tuesday Blitz March 01 Early 2022"]
[White "Petrova, Irina"]
[Black "Bogumil, Tatiana"]
[WhiteFideId "14124122"]
[BlackFideId "4110579"]
[WhiteElo "1988"]
[BlackElo "1862"]
[Result "1-0"]
[Round "06"]
[TimeControl "180+1"]
[Date "2022.03.01"]
[WhiteClock "0:01:39"]
[BlackClock "0:00:05"]

1. e4 c5 2. Nf3 Nc6 3. Bb5 a6 4. Bxc6 bxc6 5. O-O d6 6. c3 g6 7. d4 cxd4 8. cxd4 Bg7 9. Nc3 Nf6 10. h3 O-O 11. Re1 Nd7 12. e5 Nb6 13. Bg5 h6 14. Bh4 g5 15. Bg3 Nd5 16. Nxd5 cxd5 17. exd6 exd6 18. Qb3 Be6 19. Qa3 Qb6 20. Bxd6 Rfc8 21. Bc5 Qc7 22. b4 Qf4 23. Ne5 Qh4 24. Rac1 g4 25. Ng6 fxg6 26. Rxe6 gxh3 27. Qxh3 Qg5 28. Rce1 Kh7 29. Re7 Rc6 30. Rxg7+ Kxg7 31. Qd7+ 1-0


[Site "https://www.chess.com"]

[Event "Titled Tuesday Blitz March 01 Early 2022"]
[White "Piesik, Piotr"]
[Black "Fier, Alexandr"]
[WhiteFideId "1136194"]
[BlackFideId "2107139"]
[WhiteElo "2232"]
[BlackElo "2569"]
[Result "1-0"]
[Round "06"]
[TimeControl "180+1"]
[Date "2022.03.01"]
[WhiteClock "0:00:19"]
[BlackClock "0:00:43"]

1. Nf3 Nf6 2. g3 g6 3. Bg2 Bg7 4. O-O O-O 5. d4 d5 6. c4 dxc4 7. Na3 c3 8. bxc3 c5 9. Qb3 Nc6 10. Rd1 Na5 11. Qb2 Qb6 12. Ne5 Be6 13. e3 Qxb2 14. Bxb2 Nd5 15. Nd3 c4 16. Nc5 Nb6 17. Nxe6 fxe6 18. Nc2 Na4 19. Rab1 Rab8 20. Bh3 Kf7 21. Ne1 b5 22. Nf3 Bf6 23. Rdc1 Rb6 24. Ba3 Nc6 25. Nd2 Rfb8 26. Bg2 Na5 27. Be4 Nb7 28. f4 g5 29. Bf3 gxf4 30. gxf4 Bg7 31. Bd1 Na5 32. Bxa4 bxa4 33. Bc5 Rxb1 34. Rxb1 Rxb1+ 35. Nxb1 e5 36. fxe5 e6 37. Nd2 Bf8 38. Bxa7 Ba3 39. Bb6 Bc1 40. Bxa5 Bxd2 41. Kf2 Ke7 42. e4 Bf4 43. h3 Kd7 44. Kf3 Bd2 45. d5 Ke7 46. Bb4+ Kd7 47. Kg4 Be3 48. Kf3 Bd2 49. Ke2 Bf4 50. Bd6 Bc1 51. Bc5 Bf4 52. Bd4 Ke7 53. Kf3 Bc1 54. Be3 Bb2 55. Bd2 Kd7 56. Kg4 Ba3 57. Kg5 Be7+ 58. Kh6 Bh4 59. Kxh7 Bg3 60. Kg6 Bxe5 61. dxe6+ Kxe6 62. h4 Bh8 63. h5 Ke5 64. h6 Kxe4 65. h7 Kd3 66. Bg5 Bxc3 67. Bf6 Bxf6 68. Kxf6 c3 69. h8=Q c2 70. Qh6 Kc3 71. Qc1 Kb4 72. Ke5 Kc3 73. Ke4 Kb4 74. Kd3 a3 75. Qxc2 1-0


[Site "https://www.chess.com"]

[Event "Titled Tuesday Blitz March 01 Early 2022"]
[White "Pinheiro, Iung Alicio de O."]
[Black "Makhnev, Denis"]
[WhiteFideId "2104350"]
[BlackFideId "13707647"]
[WhiteElo "2549"]
[BlackElo "2491"]
[Result "1-0"]
[Round "06"]
[TimeControl "180+1"]
[Date "2022.03.01"]
[WhiteClock "0:00:11"]
[BlackClock "0:00:03"]

1. e4 c6 2. Nf3 d5 3. Nc3 Bg4 4. h3 Bh5 5. exd5 cxd5 6. g4 Bg6 7. Ne5 Nc6 8. d4 e6 9. h4 f6 10. Nxg6 hxg6 11. Qd3 Kf7 12. h5 gxh5 13. gxh5 Nge7 14. Be3 Nf5 15. O-O-O Rc8 16. Kb1 Nb4 17. Qb5 Be7 18. a3 a6 19. Qe2 Rxc3 20. axb4 Rc6 21. c3 b5 22. Bh3 a5 23. Bxf5 exf5 24. Qxb5 Rb6 25. Qxa5 Qd6 26. Rhe1 Qc6 27. Qa3 Ra8 28. Qb3 Bxb4 29. cxb4 Rba6 30. Qc3 Qb7 31. Rc1 Ra1+ 32. Kc2 R1a6 33. Kd2 Rb6 34. Qc7+ 1-0


[Site "https://www.chess.com"]

[Event "Titled Tuesday Blitz March 01 Early 2022"]
[White "Politov, Pavel Y."]
[Black "Golubka, Petro"]
[WhiteFideId "24110515"]
[BlackFideId "14114224"]
[WhiteElo "2090"]
[BlackElo "2392"]
[Result "0-1"]
[Round "06"]
[TimeControl "180+1"]
[Date "2022.03.01"]
[WhiteClock "0:00:07"]
[BlackClock "0:00:34"]

1. e4 e5 2. Nf3 Nc6 3. Bc4 Nf6 4. d3 Be7 5. O-O h6 6. c3 O-O 7. Nbd2 a5 8. Re1 d6 9. Nf1 Nd7 10. Bb3 Nc5 11. Bc2 f5 12. d4 Nxe4 13. dxe5 dxe5 14. Qxd8 Rxd8 15. Bxe4 fxe4 16. Rxe4 Bf5 17. Re1 Bf6 18. Ng3 Bg6 19. Bd2 a4 20. Ne4 Be7 21. Rad1 Bf7 22. a3 Bb3 23. Rc1 b6 24. Be3 Bd5 25. Nfd2 Kf7 26. c4 Be6 27. Rc3 Rd7 28. c5 b5 29. Nf3 Rad8 30. Kf1 Bc4+ 31. Kg1 Bd5 32. Ned2 Bf6 33. b4 e4 34. Rcc1 exf3 35. gxf3 g6 36. Ne4 Ne5 37. Nxf6 Nxf3+ 38. Kg2 Nxe1+ 0-1


[Site "https://www.chess.com"]

[Event "Titled Tuesday Blitz March 01 Early 2022"]
[White "Polster, Christian"]
[Black "Rozhkov, Viacheslav"]
[WhiteFideId "12965081"]
[BlackFideId "4181484"]
[WhiteElo "2309"]
[BlackElo "2324"]
[Result "0-1"]
[Round "06"]
[TimeControl "180+1"]
[Date "2022.03.01"]
[WhiteClock "0:00:03"]
[BlackClock "0:00:15"]

1. e4 c5 2. Nc3 Nc6 3. Nge2 g6 4. d4 cxd4 5. Nxd4 Bg7 6. Be3 Nf6 7. Bc4 Qa5 8. O-O O-O 9. Bb3 d6 10. h3 Bd7 11. Re1 Rac8 12. Nd5 Rfe8 13. Nxf6+ Bxf6 14. c3 a6 15. f4 Bg7 16. Qf3 e6 17. Rad1 Qc7 18. f5 Ne5 19. Qf2 exf5 20. exf5 Nc4 21. f6 Bf8 22. Bf4 Ne5 23. Nf3 Be6 24. Nxe5 Bxb3 25. axb3 dxe5 26. Be3 Re6 27. g4 h6 28. h4 Qc6 29. g5 Qe4 30. Bd4 Qg4+ 31. Qg2 Qxg2+ 32. Kxg2 exd4 33. Rxe6 fxe6 34. Rxd4 hxg5 35. hxg5 Rc7 36. Rd8 Kf7 37. b4 a5 38. bxa5 Rc5 39. Rd7+ Ke8 40. Rxb7 Rxg5+ 41. Kf3 Rxa5 42. b4 Rf5+ 43. Ke4 g5 44. c4 g4 45. c5 g3 46. Ra7 g2 0-1


[Site "https://www.chess.com"]

[Event "Titled Tuesday Blitz March 01 Early 2022"]
[White "Poormosavi, Seyed Kian"]
[Black "Abdyzhapar, Asylbek"]
[WhiteFideId "12585807"]
[BlackFideId "13800337"]
[WhiteElo "2116"]
[BlackElo "2331"]
[Result "0-1"]
[Round "06"]
[TimeControl "180+1"]
[Date "2022.03.01"]
[WhiteClock "0:00:04"]
[BlackClock "0:01:15"]

1. Nf3 g6 2. g3 Bg7 3. Bg2 Nf6 4. O-O O-O 5. d4 d6 6. c4 a6 7. Nc3 Nc6 8. e4 Bg4 9. h3 Bxf3 10. Bxf3 e5 11. d5 Nd4 12. Bg2 c5 13. dxc6 bxc6 14. b4 h6 15. Be3 c5 16. Nd5 Nxd5 17. cxd5 cxb4 18. Qa4 a5 19. Kh2 Ne2 20. a3 Nc3 21. Qb3 Rb8 22. axb4 axb4 23. Ra7 f5 24. exf5 gxf5 25. f4 e4 26. Rfa1 Rf7 27. Rxf7 Kxf7 28. Ra7+ Kg8 29. Qc4 b3 30. Rxg7+ Kxg7 31. Bd4+ Kg6 32. Bxc3 b2 33. Qd4 Qh8 34. Qxh8 Rxh8 35. Bxb2 Ra8 36. Bc3 Rb8 37. g4 Rb3 38. Be1 Rd3 39. h4 h5 40. gxf5+ Kxf5 41. Bg3 Rxd5 42. Bh3+ Kf6 43. Bd7 Rd2+ 44. Kh3 d5 45. Be8 d4 46. Bxh5 e3 47. f5 e2 48. Kg4 Rd1 49. Kf4 e1=Q 50. Bxe1 Rxe1 51. Bf3 d3 0-1


[Site "https://www.chess.com"]

[Event "Titled Tuesday Blitz March 01 Early 2022"]
[White "Potapova, Margarita"]
[Black "Rangel, Daniel"]
[WhiteFideId "14126869"]
[BlackFideId "2124475"]
[WhiteElo "2209"]
[BlackElo "2187"]
[Result "1-0"]
[Round "06"]
[TimeControl "180+1"]
[Date "2022.03.01"]
[WhiteClock "0:02:18"]
[BlackClock "0:01:23"]

1. d4 Nf6 2. c4 g6 3. Nc3 Bg7 4. e4 O-O 5. h3 d6 6. Be3 e5 7. d5 c6 8. g4 cxd5 9. cxd5 a6 10. Nge2 b5 11. a3 Nbd7 12. Ng3 Nb6 13. b3 Bb7 14. Qd2 Rc8 15. Be2 Nfd7 16. O-O Nc5 17. Rab1 Re8 18. Na2 Qh4 19. Kg2 Nbd7 20. Bg5 1-0


[Site "https://www.chess.com"]

[Event "Titled Tuesday Blitz March 01 Early 2022"]
[White "Prieto Aranguren, Alain"]
[Black "Sovetbekova, Nurai"]
[WhiteFideId "2268906"]
[BlackFideId "13801910"]
[WhiteElo "2235"]
[BlackElo "1545"]
[Result "0-1"]
[Round "06"]
[TimeControl "180+1"]
[Date "2022.03.01"]
[WhiteClock "0:01:40"]
[BlackClock "0:00:40"]

1. d4 Nf6 2. c4 g6 3. Nc3 d5 4. Nf3 Bg7 5. Qb3 e6 6. cxd5 exd5 7. Bg5 c6 8. e3 O-O 9. Be2 Bf5 10. O-O b6 11. Rac1 Nbd7 12. Ne5 Rc8 13. Qa4 h6 14. Bf4 Nxe5 15. Bxe5 Qe7 16. Ba6 Rcd8 17. Qxc6 Bd7 18. Nxd5 Nxd5 19. Qxd5 Bc8 20. Qb5 Bxa6 21. Qxa6 Bxe5 22. dxe5 Qxe5 23. Qxa7 Qxb2 24. Rb1 Qe2 25. Rxb6 Rd1 26. Qa6 Rxf1# 0-1


[Site "https://www.chess.com"]

[Event "Titled Tuesday Blitz March 01 Early 2022"]
[White "Qashashvili, Alexandre"]
[Black "Ardila, Oscar Humberto"]
[WhiteFideId "13600842"]
[BlackFideId "4404742"]
[WhiteElo "2316"]
[BlackElo "1898"]
[Result "0-1"]
[Round "06"]
[TimeControl "180+1"]
[Date "2022.03.01"]
[WhiteClock "0:00:09"]
[BlackClock "0:00:13"]

1. e4 e5 2. Nf3 Nc6 3. Nc3 Nf6 4. d4 exd4 5. Nxd4 Bb4 6. Nxc6 bxc6 7. Bd3 d5 8. exd5 cxd5 9. O-O O-O 10. Bg5 c6 11. Qf3 Bd6 12. Bxf6 Qxf6 13. Qxf6 gxf6 14. Ne2 Be5 15. Rab1 Rb8 16. b3 Re8 17. f4 Bd6 18. g3 Bg4 19. Rbe1 Bb4 20. c3 Bxe2 21. Rxe2 Bxc3 22. Rc1 Bd4+ 23. Kg2 Rxe2+ 24. Bxe2 Re8 25. Bd3 c5 26. Rd1 Re3 27. Kf1 Kf8 28. Bxh7 Ke7 29. Bd3 Kd6 30. Be2 Rc3 31. Rd2 Be3 32. Rd3 Rc1+ 33. Kg2 d4 34. Kf3 Kd5 35. Kg4 Ke4 36. Rd1 f5+ 37. Kg5 Rc3 38. Rf1 d3 39. Bf3+ Kd4 40. h4 c4 41. bxc4 Rxc4 42. h5 Rc8 43. h6 Kc3 44. h7 Bd4 45. Kxf5 d2 46. g4 a5 47. g5 a4 48. Kg4 a3 49. f5 Kb2 50. Bd5 Rc1 51. Rf2 Bxf2 52. h8=Q+ Rc3 53. Bf3 Be3 54. Qb8+ Kc2 55. g6 fxg6 56. fxg6 Kd3 57. Qd8+ Bd4 58. g7 Rc4 59. g8=Q Kc2 60. Qxd4 Rxd4+ 61. Kg3 Kc1 62. Bd1 Kxd1 63. Qc8 Ke2 64. Qe6+ Kd3 65. Qf5+ Kc3 66. Qb5 Rd3+ 67. Kf4 d1=Q 68. Qa5+ Kc2 69. Qa4+ Kb2 70. Qb3+ Qxb3 71. axb3 Kxb3 72. Ke4 a2 73. Kxd3 a1=Q 74. Ke4 Qb2 75. Kd5 Qc3 76. Ke4 Kb4 77. Kd5 Qc4+ 78. Kd6 Kb5 79. Ke5 Qc5+ 80. Ke6 Kb4 81. Kd7 Qc1 82. Ke6 Kc4 83. Kd7 Kc5 84. Ke6 Qd2 85. Kf5 Kd5 86. Kf6 Qe3 87. Kf7 Kd6 88. Kf6 Qf4+ 89. Kg6 Ke6 90. Kg7 Qg4+ 91. Kf8 Qf5+ 92. Kg7 Qg5+ 93. Kf8 Qf6+ 94. Ke8 Qg7 95. Kd8 Qd7# 0-1


[Site "https://www.chess.com"]

[Event "Titled Tuesday Blitz March 01 Early 2022"]
[White "Quirke, Jeffrey"]
[Black "Batsiashvili, Nino"]
[WhiteFideId "2013029"]
[BlackFideId "13602993"]
[WhiteElo "2148"]
[BlackElo "2230"]
[Result "0-1"]
[Round "06"]
[TimeControl "180+1"]
[Date "2022.03.01"]
[WhiteClock "0:00:03"]
[BlackClock "0:00:07"]

1. c4 e6 2. d4 d5 3. Nc3 Bb4 4. cxd5 exd5 5. Bf4 c5 6. e3 c4 7. Nf3 Nc6 8. Be2 Nf6 9. O-O O-O 10. Ne5 Bf5 11. Bg5 Bxc3 12. bxc3 h6 13. Bxf6 Qxf6 14. g4 Bh7 15. Nd7 Qh4 16. Nxf8 Rxf8 17. Bf3 Ne7 18. Bg2 Bd3 19. Re1 f5 20. gxf5 Rxf5 21. Qd2 Be4 22. f3 Bxf3 23. Bxf3 Rxf3 24. Qg2 Rf5 25. Kh1 Rg5 26. Qf3 Rf5 27. Qg3 Qe4+ 28. Qg2 Qd3 29. e4 Rg5 30. Qe2 Qxc3 31. exd5 Rxd5 32. Rad1 Kh7 33. Qe4+ Rf5 34. Rf1 Qh3 35. Rxf5 Qxf5 36. Qxf5+ Nxf5 37. d5 Nd6 38. Re1 c3 39. Rc1 Kg6 40. Rxc3 Kf6 41. Rc7 g5 42. Rd7 Ke5 43. Rh7 Kxd5 44. Rxh6 b5 45. Rg6 Ne4 46. Rg7 a5 47. Ra7 a4 48. Kg2 Nc3 49. a3 Nb1 50. Rg7 Nxa3 51. Rxg5+ Kc4 52. h4 b4 53. h5 b3 54. Rg8 b2 55. Rb8 Nb5 56. Rc8+ Kb3 57. h6 b1=Q 0-1


[Site "https://www.chess.com"]

[Event "Titled Tuesday Blitz March 01 Early 2022"]
[White "Roberson, Peter T"]
[Black "Moskvin, Anatoly"]
[WhiteFideId "412384"]
[BlackFideId "24199990"]
[WhiteElo "2346"]
[BlackElo "2079"]
[Result "1-0"]
[Round "06"]
[TimeControl "180+1"]
[Date "2022.03.01"]
[WhiteClock "0:01:14"]
[BlackClock "0:00:03"]

1. e4 e5 2. Nf3 Nc6 3. Bc4 Nf6 4. d3 Bc5 5. c3 d6 6. h3 Bb6 7. Nbd2 Ne7 8. Nf1 Ng6 9. Be3 h6 10. Qd2 Nh5 11. O-O-O Be6 12. Kb1 O-O 13. Bxe6 fxe6 14. d4 exd4 15. cxd4 Nhf4 16. Rg1 Qe8 17. h4 Qc6 18. Ng3 Nxg2 19. Rc1 Qe8 20. Rxg2 Rxf3 21. Nh5 Kh8 22. Bxh6 Nxh4 23. Bxg7+ Kg8 24. Nf6+ Rxf6 25. Bxf6+ Nxg2 26. Qg5+ 1-0


[Site "https://www.chess.com"]

[Event "Titled Tuesday Blitz March 01 Early 2022"]
[White "Rodchenkov, Sergey D."]
[Black "Todorovic, Bojan"]
[WhiteFideId "4168712"]
[BlackFideId "917087"]
[WhiteElo "2306"]
[BlackElo "2266"]
[Result "0-1"]
[Round "06"]
[TimeControl "180+1"]
[Date "2022.03.01"]
[WhiteClock "0:00:04"]
[BlackClock "0:00:06"]

1. e4 e5 2. Nf3 Nc6 3. Bc4 Bc5 4. d3 Nf6 5. O-O O-O 6. Nbd2 a6 7. a4 Re8 8. c3 d6 9. h3 Be6 10. Re1 Bxc4 11. dxc4 a5 12. Nf1 Ne7 13. Ng3 h6 14. Bd2 Qd7 15. Qc1 Kh7 16. Nh4 Neg8 17. Nhf5 h5 18. Be3 Qc6 19. Bxc5 Qxc5 20. Nxg7 Kxg7 21. Qg5+ Kf8 22. Rf1 Re6 23. Kh1 Nh7 24. Qxh5 Rh6 25. Qf5 Ne7 26. Qg4 Nf6 27. Qe2 Kg7 28. f4 Rah8 29. fxe5 Qxe5 30. Rf3 Rg6 31. Qf2 Rhh6 32. Rf1 Kg8 33. Kg1 Nc6 34. Qe3 Qc5 35. Qxc5 dxc5 36. Nf5 Rh5 37. e5 Nxe5 38. Ne7+ Kg7 39. R3f2 Rgh6 40. Nf5+ Rxf5 41. Rxf5 Nfd7 42. Rg5+ Kf8 43. Rgf5 f6 44. g4 Rxh3 45. Kg2 Rd3 46. g5 Rd2+ 47. Kg3 Rxb2 48. gxf6 Kf7 49. Rh1 Nxf6 50. Rh6 Nd7 51. Rf1 Rc2 52. Rh7+ Ke6 53. Rg7 Kd6 54. Rg6 Ke7 55. Re1+ Kf7 56. Rg5 Rxc3+ 57. Kg2 Rxc4 58. Rd1 Rc2+ 59. Kf3 c4 60. Rgg1 Ke6 61. Rg2 Ne5+ 62. Kg3 Rxg2+ 63. Kxg2 Nd5 64. Kf2 c3 65. Rc1 Nc4 0-1


[Site "https://www.chess.com"]

[Event "Titled Tuesday Blitz March 01 Early 2022"]
[White "Rostovtsev, Dmitry"]
[Black "Bortnyk, Olexandr"]
[WhiteFideId "34278320"]
[BlackFideId "14120828"]
[WhiteElo "2218"]
[BlackElo "2723"]
[Result "1/2-1/2"]
[Round "06"]
[TimeControl "180+1"]
[Date "2022.03.01"]
[WhiteClock "0:00:24"]
[BlackClock "0:00:31"]

1. e4 Nf6 2. e5 Nd5 3. d4 d6 4. Nf3 dxe5 5. Nxe5 c6 6. Be2 Bf5 7. O-O Nd7 8. Nf3 e6 9. c4 N5f6 10. Nc3 Bd6 11. Bg5 O-O 12. Bh4 Qc7 13. Bg3 Bxg3 14. hxg3 e5 15. dxe5 Nxe5 16. Nxe5 Qxe5 17. Re1 Qc5 18. Qb3 b6 19. Bf3 Rac8 20. Rad1 Be6 21. Ne4 Qxc4 22. Qxc4 Bxc4 23. Nd6 Bxa2 24. Nxc8 Rxc8 25. Ra1 Be6 26. Rxa7 g5 27. Rc1 c5 28. Ra8 Rxa8 29. Bxa8 Kf8 30. Ra1 Ke7 31. Ra6 b5 32. Ra7+ Kd6 33. Bf3 g4 34. Be2 c4 35. f3 h5 36. Kf2 Kc5 37. Rb7 Nd5 38. b3 Kc6 39. Rxb5 Kxb5 40. bxc4+ Kc5 41. cxd5 Kxd5 42. Ke3 Ke5 43. Kf2 Kd4 44. Bd1 Bf5 45. Bb3 Be6 46. Bd1 Kd3 47. Ba4 Kd2 48. Bb5 Kc3 49. Ba6 Kd4 50. Be2 Ke5 51. Bd1 Kf5 52. Bc2+ Kg5 53. Bd1 Bc8 54. Be2 Bb7 55. Bd1 f6 56. Be2 Bc6 57. Bd1 Bb5 58. Bc2 Bc4 59. Bb1 Bf7 60. Bc2 Be6 61. Bd1 Bf5 62. Be2 Bc2 63. Bb5 f5 64. Be2 Ba4 65. Bd3 Be8 66. Be2 Bc6 67. Bd1 Bb5 68. Bc2 Ba6 69. Bb1 Bb7 70. Bc2 gxf3 71. gxf3 f4 72. gxf4+ Kxf4 73. Kg2 Bxf3+ 74. Kh2 Bg4 75. Bg6 h4 76. Be8 Kg5 77. Ba4 Bh5 78. Bb3 Bf3 79. Ba4 Bh5 80. Bb3 Bf7 81. Bxf7 h3 82. Kxh3 1/2-1/2


[Site "https://www.chess.com"]

[Event "Titled Tuesday Blitz March 01 Early 2022"]
[White "Sarana, Alexey"]
[Black "Ohanyan, Emin"]
[WhiteFideId "24133795"]
[BlackFideId "13312022"]
[WhiteElo "2665"]
[BlackElo "1809"]
[Result "1-0"]
[Round "06"]
[TimeControl "180+1"]
[Date "2022.03.01"]
[WhiteClock "0:00:58"]
[BlackClock "0:00:01"]

1. d3 e5 2. c4 Nf6 3. Nf3 Nc6 4. a3 a5 5. Nc3 d5 6. cxd5 Nxd5 7. e4 Nf6 8. Be2 Bc5 9. Be3 Qe7 10. Rc1 Nd4 11. Bxd4 exd4 12. Nb5 Bg4 13. Nfxd4 Bxe2 14. Qxe2 g6 15. O-O c6 16. Nb3 Bb6 17. Nc3 h5 18. h3 O-O 19. Na4 Ba7 20. Nd2 Nd7 21. Nf3 Ne5 22. Nc3 Rad8 23. Rcd1 Rd7 24. Kh1 Rfd8 25. Nxe5 Qxe5 26. f4 Qe7 27. e5 f5 28. Qf3 Bd4 29. Rd2 Qe6 30. Ne2 c5 31. Rc1 b6 32. b4 axb4 33. axb4 Ra7 34. bxc5 bxc5 35. Nxd4 Rxd4 36. Rxc5 Ra1+ 37. Kh2 Qb6 38. Rdc2 Rd7 39. Qc6 Qb1 40. Qxg6+ Kf8 41. Rc8+ 1-0


[Site "https://www.chess.com"]

[Event "Titled Tuesday Blitz March 01 Early 2022"]
[White "Selkirk, Rebecca"]
[Black "Martic, Ivan"]
[WhiteFideId "14306514"]
[BlackFideId "929301"]
[WhiteElo "1649"]
[BlackElo "2290"]
[Result "1-0"]
[Round "06"]
[TimeControl "180+1"]
[Date "2022.03.01"]
[WhiteClock "0:00:18"]
[BlackClock "0:00:33"]

1. e4 c5 2. Nf3 Nc6 3. d4 cxd4 4. Nxd4 Nf6 5. Nc3 e6 6. Be3 Bb4 7. Nxc6 bxc6 8. f3 d5 9. Qd2 O-O 10. O-O-O Qa5 11. Bd4 Nd7 12. a3 Bxa3 13. Nb1 Qxd2+ 14. Rxd2 Be7 15. g4 Bg5 16. Bd3 e5 17. Bc3 d4 18. Ba5 Nc5 19. h4 Nxd3+ 20. cxd3 Be3 21. Kd1 Bxd2 22. Nxd2 Be6 23. Bb4 Rfd8 24. Ke2 Rab8 25. Ba3 Rb6 26. Rc1 Rdb8 27. Nc4 Bxc4 28. Rxc4 f6 29. Rc5 Kf7 30. g5 Ke6 31. f4 Ra6 32. f5+ Kd7 33. g6 h5 34. Kd2 Rxa3 35. bxa3 Rb2+ 36. Kc1 Rb3 37. Ra5 Rb7 38. Kc2 Kc7 39. Ra6 Kd7 40. Kc1 Kd6 41. Ra5 Rc7 42. Kc2 c5 43. Kb3 Rb7+ 44. Kc4 Rc7 45. Ra6+ Kd7 46. Kd5 c4 47. Rd6+ Kc8 48. dxc4 d3 49. Ke6 Rxc4 50. Rxd3 Rc7 51. a4 Kb7 52. Rd7 a5 53. Rxc7+ Kxc7 54. Kf7 Kc6 55. Kxg7 Kc5 56. Kxf6 Kd4 57. g7 Kxe4 58. g8=Q Kf3 59. Qe6 1-0


[Site "https://www.chess.com"]

[Event "Titled Tuesday Blitz March 01 Early 2022"]
[White "Shuvalova, Polina"]
[Black "Sinitsina, Anastassia"]
[WhiteFideId "24171760"]
[BlackFideId "4504640"]
[WhiteElo "2355"]
[BlackElo "2144"]
[Result "1-0"]
[Round "06"]
[TimeControl "180+1"]
[Date "2022.03.01"]
[WhiteClock "0:01:01"]
[BlackClock "0:00:41"]

1. d4 Nf6 2. Nf3 g6 3. c4 Bg7 4. Nc3 O-O 5. Bg5 h6 6. Bh4 d6 7. e3 c5 8. d5 Na6 9. Be2 Nc7 10. Qc2 b5 11. Bxf6 Bxf6 12. cxb5 Bxc3+ 13. bxc3 Nxd5 14. c4 Qa5+ 15. Nd2 Bf5 16. e4 Nb4 17. Qb1 Be6 18. a3 Na6 19. bxa6 f5 20. exf5 Bxf5 21. Qc1 Qxa6 22. O-O Rab8 23. Qc3 Qb6 24. Bd3 Qb2 25. Qxb2 Rxb2 26. Bxf5 Rxf5 27. Ne4 Re5 28. f3 1-0


[Site "https://www.chess.com"]

[Event "Titled Tuesday Blitz March 01 Early 2022"]
[White "Shvedova, Alexandra"]
[Black "Iskusnyh, Sergei"]
[WhiteFideId "54154782"]
[BlackFideId "4120027"]
[WhiteElo "1920"]
[BlackElo "2492"]
[Result "1-0"]
[Round "06"]
[TimeControl "180+1"]
[Date "2022.03.01"]
[WhiteClock "0:00:32"]
[BlackClock "0:00:09"]

1. e4 e6 2. d4 d5 3. Nd2 c5 4. exd5 exd5 5. Ngf3 Nc6 6. Bb5 cxd4 7. O-O Bd6 8. Nxd4 Ne7 9. N2f3 O-O 10. c3 Bg4 11. Be2 Re8 12. Bg5 h6 13. Bh4 Qb6 14. Nb5 Bf4 15. Qa4 Ng6 16. Bd3 Bxf3 17. Bxg6 fxg6 18. Qxf4 Be2 19. Nc7 Bxf1 20. Nxa8 Rxa8 21. Rxf1 g5 22. Bxg5 hxg5 23. Qxg5 Rd8 24. b4 Qc7 25. Re1 a6 26. a4 b5 27. axb5 axb5 28. h4 Qf7 29. h5 Rf8 30. f3 Qf6 31. Qxd5+ Kh8 32. Re6 Qf4 33. Qxc6 Rd8 34. Re8+ Rxe8 35. Qxe8+ Kh7 36. Qe4+ Qxe4 37. fxe4 Kh6 38. Kf2 Kxh5 39. Ke3 Kg5 40. Kd4 1-0


[Site "https://www.chess.com"]

[Event "Titled Tuesday Blitz March 01 Early 2022"]
[White "Sikorova, Olga"]
[Black "Bongo Akanga Ndjila, Barthelemy"]
[WhiteFideId "307033"]
[BlackFideId "10609431"]
[WhiteElo "2187"]
[BlackElo "1803"]
[Result "1-0"]
[Round "06"]
[TimeControl "180+1"]
[Date "2022.03.01"]
[WhiteClock "0:00:20"]
[BlackClock "0:00:05"]

1. c4 d6 2. g3 g6 3. Bg2 Bg7 4. Nc3 Nf6 5. d3 c5 6. e4 Nc6 7. Nge2 O-O 8. O-O a6 9. h3 Rb8 10. a4 Nb4 11. Be3 Bd7 12. f4 b5 13. axb5 axb5 14. cxb5 Bxb5 15. Nxb5 Rxb5 16. Nc3 Rb8 17. e5 dxe5 18. fxe5 Nfd5 19. Bxc5 Bxe5 20. Nxd5 Nxd5 21. Qf3 Nf6 22. Kh2 Rxb2 23. Ra7 Bd6 24. Bd4 Rd2 25. Bc3 Rc2 26. Bxf6 exf6 27. d4 f5 28. Rd1 h5 29. Qb3 Rf2 30. Qe3 Rb2 31. Kh1 Qb8 32. Ra8 Qc7 33. Rxf8+ Kxf8 34. Qh6+ Kg8 35. Re1 Bf8 36. Re8 Qd6 37. Bd5 Rb5 38. Rxf8+ Qxf8 39. Qxg6+ Kh8 40. Qxh5+ Kg7 41. Qg5+ Kh8 42. Qh5+ Kg7 43. Qxf5 Qe7 44. Qg4+ Kf8 45. Qc8+ Kg7 46. Qg4+ Kf8 47. Qc8+ Qe8 48. Qxe8+ Kxe8 49. Bc6+ Ke7 50. Bxb5 Kd6 51. Bc4 1-0


[Site "https://www.chess.com"]

[Event "Titled Tuesday Blitz March 01 Early 2022"]
[White "Silva, Miguel Antonio Neto"]
[Black "Mosadeghpour, Masoud"]
[WhiteFideId "1911929"]
[BlackFideId "12519278"]
[WhiteElo "2204"]
[BlackElo "2395"]
[Result "0-1"]
[Round "06"]
[TimeControl "180+1"]
[Date "2022.03.01"]
[WhiteClock "0:02:04"]
[BlackClock "0:01:58"]

1. Nf3 Nf6 2. c4 e6 3. g3 d5 4. d4 Bb4+ 5. Bd2 Be7 6. Bg2 O-O 7. O-O Nbd7 8. Bf4 dxc4 9. Qc2 c5 10. dxc5 Nxc5 11. Rd1 Qe8 12. Qxc4 Bd7 13. Ne5 Bb5 14. Qc2 Rc8 15. Nc3 Na4 16. Bxb7 Nxc3 17. bxc3 Ba4 18. Qd3 Rd8 19. Qa6 Rxd1+ 20. Rxd1 Bxd1 21. Bc6 Qc8 22. Qxa7 Bd6 0-1


[Site "https://www.chess.com"]

[Event "Titled Tuesday Blitz March 01 Early 2022"]
[White "Siva Mahadevan"]
[Black "Di Nicolantonio, Lucas"]
[WhiteFideId "25043153"]
[BlackFideId "680460"]
[WhiteElo "2203"]
[BlackElo "2381"]
[Result "0-1"]
[Round "06"]
[TimeControl "180+1"]
[Date "2022.03.01"]
[WhiteClock "0:00:12"]
[BlackClock "0:00:10"]

1. e4 c6 2. d4 d5 3. e5 c5 4. Nf3 cxd4 5. Nxd4 Nc6 6. c4 e6 7. Nc3 a6 8. Nxc6 bxc6 9. Bd3 Ne7 10. O-O Ng6 11. Qe2 Bc5 12. Kh1 O-O 13. Bd2 a5 14. Rad1 Ba6 15. f4 Qe7 16. Na4 Bb4 17. Bc1 Qc7 18. c5 Bxd3 19. Qxd3 Qe7 20. Be3 Rfd8 21. Bd4 Qb7 22. a3 Qb5 23. Qc2 Rdb8 24. axb4 axb4 25. b3 Nh4 26. g4 Ng6 27. f5 Ne7 28. Qf2 Rf8 29. Qh4 Ra7 30. fxe6 fxe6 31. Rxf8+ Kxf8 32. Qf2+ Kg8 33. Rf1 Ng6 34. h4 h6 35. h5 Nh8 36. Qf3 Rf7 37. Qxf7+ Nxf7 38. Kg2 Ng5 39. Rf2 Ne4 40. Rf4 Qe2+ 41. Bf2 Nxf2 42. Rxf2 Qxg4+ 43. Kf1 Qd1+ 44. Kg2 Qg4+ 45. Kf1 Qxh5 46. Nb6 Qxe5 47. Rf8+ Kh7 48. Rf3 Qa1+ 49. Kg2 e5 50. Nd7 e4 51. Rf7 Qb2+ 52. Kf1 Kg6 53. Re7 Qxb3 54. Nf8+ Kh5 55. Rxg7 Qf3+ 56. Kg1 Qxf8 0-1


[Site "https://www.chess.com"]

[Event "Titled Tuesday Blitz March 01 Early 2022"]
[White "Sliwicki, Damian"]
[Black "Kohler, Aran"]
[WhiteFideId "1127128"]
[BlackFideId "1002856"]
[WhiteElo "2084"]
[BlackElo "2257"]
[Result "1-0"]
[Round "06"]
[TimeControl "180+1"]
[Date "2022.03.01"]
[WhiteClock "0:00:21"]
[BlackClock "0:00:13"]

1. e4 c5 2. Nf3 d6 3. d4 cxd4 4. Nxd4 Nf6 5. f3 a6 6. c4 e6 7. Nc3 Be7 8. Be3 O-O 9. Be2 d5 10. cxd5 exd5 11. e5 Nfd7 12. f4 Nb6 13. O-O Nc6 14. Kh1 Nxd4 15. Bxd4 Bf5 16. Bf3 Nc4 17. Bxd5 Nxb2 18. Qb3 Nd3 19. Rad1 b5 20. Bxa8 Qxa8 21. Nd5 Bh4 22. Rf3 Be4 23. Rfxd3 Bxd5 24. Qb2 Be4 25. Re3 Rd8 26. Qe2 Bb7 27. Qg4 Be7 28. e6 f6 29. Rg3 g6 30. f5 g5 31. h4 h6 32. hxg5 hxg5 33. Qh5 Be4 34. Qg6+ Kf8 35. Rh3 Bxg2+ 36. Kh2 Bxh3 37. Qf7# 1-0


[Site "https://www.chess.com"]

[Event "Titled Tuesday Blitz March 01 Early 2022"]
[White "Stefanov, Plamen"]
[Black "Shtyka, Sergey"]
[WhiteFideId "2900980"]
[BlackFideId "4138465"]
[WhiteElo "2137"]
[BlackElo "2014"]
[Result "1-0"]
[Round "06"]
[TimeControl "180+1"]
[Date "2022.03.01"]
[WhiteClock "0:02:27"]
[BlackClock "0:02:21"]

1. e4 c5 2. Nf3 d6 3. Bb5+ Nd7 4. c3 a6 5. Bxd7+ Bxd7 6. O-O e6 7. d4 cxd4 8. cxd4 Nf6 9. Nc3 Be7 10. e5 Nd5 11. Nxd5 exd5 12. exd6 Bxd6 13. Re1+ Kf8 14. Ne5 f6 15. Nd3 Kf7 16. Qh5+ g6 17. Qxd5+ Kg7 18. Qxd6 1-0


[Site "https://www.chess.com"]